 Dungeon Crawl Stone Soup version 0.31-a0-1-g4198be8af4 (webtiles) character file.

Game seed: 11101051552152468167

33 cforsyth the Sneak (level 3, -2/24 HPs)
             Began as a Vampire Enchanter on May 1, 2023.
             Slain by Sigmund
             ... wielding a +0 scythe
              (11 damage)
             ... on level 2 of the Dungeon.
             The game lasted 00:03:08 (566 turns).

cforsyth the Sneak (Vampire Enchanter)               Turns: 566, Time: 00:03:09

Health: -2/24      AC:  3    Str:  7    XL:     3   Next: 12%
Magic:  6/6        EV: 13    Int: 17    God:
Gold:   37         SH:  0    Dex: 16    Spells: 4/6 levels left

rFire   . . .        a - +1 dagger
rCold   . . .        (no shield)
rNeg    . . .        b - +0 robe
rPois   .            (no helmet)
rElec   .            e - +0 cloak
rCorr   .            (no gloves)
SInv    +            (no boots)
Will    .....        (no amulet)
Stlth   +++          (no ring)
HPRegen 0.44/turn    (no ring)
MPRegen 0.10/turn

%: no passive effects
@: healing quickly, invisible
A: alive, fangs 3, see invisible, vampiric 2
a: Exsanguinate


You were on level 2 of the Dungeon.
You visited 1 branch of the dungeon, and saw 2 of its levels.

You collected 37 gold pieces.

Inventory:

Hand Weapons
 a - a +1 dagger (weapon)
Armour
 b - a +0 robe (worn)
 e - a +0 cloak (worn)
Scrolls
 d - a scroll of blinking {unknown}
 g - a scroll of fog {unknown}
 i - a scroll of identify {unknown}
 k - a scroll of poison {unknown}
Potions
 c - a potion of invisibility
 f - a potion of heal wounds {unknown}
 h - a potion of flight {unknown}


   Skills:
 + Level 1.7 Short Blades
 + Level 2.6 Dodging
 + Level 4.9 Stealth
 + Level 2.3 Spellcasting
 + Level 4.9 Hexes


You had 4 spell levels left.
You knew the following spells:

 Your Spells              Type           Power      Damage    Failure   Level
a - Ensorcelled Hibernat  Hex/Ice        20%        N/A       11%         2

Your spell library contained the following spells:

 Spells                   Type           Power      Damage    Failure   Level
 Confusing Touch          Hex            18%        N/A       8%          3
 Tukima's Dance           Hex            18%        N/A       8%          3
 Dazzling Flash           Conj/Hex       20%        N/A       21%         3


Dungeon Overview and Level Annotations

Branches:
Dungeon (1/15)

Altars:

Annotations:
D:2 Sigmund


Innate Abilities, Weirdness & Mutations

Your natural rate of healing is accelerated.
You have razor-sharp teeth.
You have supernaturally acute eyesight. (SInv)
You are afflicted with vampirism and can become a bat while bloodless.


Message History

The grasping roots constrict you.
You hear an angry hiss.
You escape the roots grasp.
The kobold attacks as you move away! The kobold barely misses you.
The kobold attacks as you move away! The kobold barely misses you.
The kobold attacks as you move away!
The kobold hits you with a +0 short sword.
The kobold attacks as you move away! The kobold hits you but does no damage.
Found a scroll labelled VEXOSK GOEHETT.
Found a hand axe.
The kobold attacks as you move away!
The kobold hits you with a +0 short sword.
Sigmund zaps a wand.
The roots erupt in riotous growth!
The kobold is unaffected.
The grasping roots grab you! The grasping roots constrict you.
You escape the roots grasp.
Sigmund zaps a wand.
The roots erupt in riotous growth!
The kobold is unaffected.
The grasping roots grab you! The grasping roots constrict you.
* * * LOW HITPOINT WARNING * * *
You escape the roots grasp.
A giant cockroach comes into view.
Found a scroll labelled NYLLOZ ZAGAHUM.
You see here a scroll labelled VEXOSK GOEHETT.
You closely miss the giant cockroach.
You bite the giant cockroach, but do no damage.
The kobold hits you but does no damage. The giant cockroach barely misses you.
Unknown command.
You fade into invisibility!
The giant cockroach misses you. The kobold barely misses you.
You closely miss the giant cockroach. Your bite misses the giant cockroach.
The giant cockroach bites you. The kobold closely misses you.
You closely miss the giant cockroach. The giant cockroach closely misses you.
The kobold closely misses you.
Unknown command.
You closely miss the giant cockroach. The kobold closely misses you.
The giant cockroach barely misses you.
Sigmund hits you from afar with a +0 scythe!
You die...

#.#
#.....#####
#.# #.....#
#.#
#......#
#.#
#......#
#.#
#......#
#.#
######..
#@# #.. #K#
#@# #.B.#
#.### ..?
###


You could see Sigmund (unable to see you), a giant cockroach (unable to see you)
and a kobold (unable to see you).

Vanquished Creatures
  An adder (D:2)
  2 dart slugs (D:1)
  A bat (D:1)
  8 endoplasms (D:1)
  A giant cockroach (D:1)
  3 goblins (D:1)
  2 kobolds (D:1)
18 creatures vanquished.

Notes
Turn   | Place    | Note
-------+----------+-------------------------------------------
     0 | D:1      | cforsyth the Vampire Enchanter began the quest for the Orb.
     0 | D:1      | Reached XP level 1. HP: 13/13 MP: 3/3
   162 | D:1      | Reached XP level 2. HP: 16/19 MP: 5/5
   169 | D:1      | Learned a level 2 spell: Ensorcelled Hibernation
   458 | D:1      | You fall into a shaft and drop 1 floor!
   470 | D:2      | Gained mutation: You are afflicted with vampirism and can
                  | become a bat while bloodless. [Vampire growth]
   470 | D:2      | Reached XP level 3. HP: 24/24 MP: 1/6
   526 | D:2      | Noticed Sigmund
   566 | D:2      | Slain by Sigmund

Illustrated notes

Levels and vault maps discovered:
D:1:      psy_arrival_radial01, layout_basic
D:2:      layout_basic, lemuel_flame_loot_1, uniq_sigmund

Action                     || total
---------------------------++-------
  Melee: Dagger            ||    43
         Bite              ||     6
   Cast: Ensorcelled Hiber ||     3
    Use: Potion            ||     2
   Stab: Sleeping          ||     9
 Armour: Robe              ||     8
  Dodge: Dodged            ||    29

Table legend: (Time is in decaauts)
 A = Elapsed time spent in this place.
 B = Non-inter-level travel time spent in this place.
 C = Inter-level travel time spent in this place.
 D = Time resting spent in this place.
 E = Time spent auto-exploring this place.
 F = Levels seen in this place.
 G = Mean time per level.
                   A        B        C        D        E       F      G
               +--------+--------+--------+--------+--------+-----+--------+
         Total |    562 |    562 |      0 |      0 |    348 |   2 |  281.0 |
       Dungeon |    562 |    562 |      0 |      0 |    348 |   2 |  281.0 |
               +--------+--------+--------+--------+--------+-----+--------+

Top non-repeatable levels by time:
     D:1: 455 daAuts
     D:2: 107 daAuts
